 Dungeon Crawl Stone Soup version 0.30-a0-629-gd54f4be4f7 (webtiles) character file.

Game seed: 11934229681630862829

161 IdlyInterested the Trooper (level 5, -2/42 HPs)
             Began as a Demonspawn Gladiator on Jan 12, 2023.
             Slain by a gnoll
             ... wielding a +2 flail of venom
              (3 damage)
             ... on level 6 of the Dungeon.
             The game lasted 00:07:39 (2479 turns).

IdlyInterested the Trooper (Demonspawn Gladiator)   Turns: 2479, Time: 00:07:39

Health: -2/42      AC:  9    Str: 16    XL:     5   Next: 19%
Magic:  14/14      EV: 10    Int: 12    God:
Gold:   244        SH:  0    Dex: 14    Spells: 4/4 levels left

rFire   . . .      SeeInvis .    a - +1 war axe (drain)
rCold   . . .      Faith    .    (no shield)
rNeg    . . .      Spirit   .    p - +0 scale mail
rPois   .          Reflect  .    n - +1 helmet "Jopibro" {Int+2}
rElec   .          Harm     .    (no cloak)
rCorr   .          Rampage  .    (no gloves)
Will    .....                    l - +0 pair of boots
Stlth   +                        (no amulet)
HPRegen 0.27/turn                q - ring of magical power
MPRegen 0.28/turn                (no ring)

@: lethally poisoned (-2 -> -22)
A: claws 2, powered by death 1, magic regeneration
a: no special abilities


You were on level 6 of the Dungeon.
You visited 1 branch of the dungeon, and saw 4 of its levels.

You collected 244 gold pieces.

Inventory:

Hand Weapons
 a - a +1 war axe of draining (weapon)
 c - a +3 mace
 f - a +0 hand axe
Missiles
 d - 4 throwing nets
 e - 5 javelins
 i - 8 stones
 k - 3 poisoned darts (quivered)
Armour
 l - a +0 pair of boots (worn)
 n - the +1 helmet "Jopibro" (worn) {Int+2}
   (You took it off Robin on level 2 of the Dungeon)

   Int:       It affects your intelligence (+2).
 p - a +0 scale mail (worn)
Magical Staves
 j - a staff of poison
Jewellery
 q - a ring of magical power (left claw)
Scrolls
 m - a scroll of fear
Potions
 g - a potion of resistance {unknown}
 h - a potion of flight
 o - a potion of curing {unknown}
 r - a potion of brilliance {unknown}
 t - a potion of haste {unknown}


   Skills:
 + Level 3.6 Fighting
 - Level 3.0 Axes
 - Level 2.0 Throwing
 * Level 2.0 Armour
 - Level 3.0 Dodging
 - Level 2.0 Stealth


You had 4 spell levels left.
You didn't know any spells.
Your spell library contained the following spells:

 Spells                   Type           Power      Damage    Failure   Level
 Kiss of Death            Conj/Necr      0%         2d5       77%         1
 Sting                    Tmut/Pois      0%         1d3       77%         1
 Confusing Touch          Hex            0%         N/A       98%         3
 Dispel Undead            Necr           0%         3d6       100%        4


Dungeon Overview and Level Annotations

Branches:
Dungeon (3/15)

Altars:
Cheibriados
Dithmenos
Kikubaaqudgha
Okawaru

Shops:
D:1 :


Innate Abilities, Weirdness & Mutations

You have very sharp fingernails.
You regenerate a little health from kills.
You regenerate magic rapidly.


Message History

The gnoll hits you but does no damage.
You hit the gnoll but do no damage.
The gnoll is lightly wounded.
You slash the gnoll! You drain the gnoll. The gnoll hits you with a +0 halberd!
The gnoll hits you with a +0 flail.
You slash the gnoll!
The gnoll is severely wounded.
You hit the gnoll. You drain the gnoll. You slash the gnoll!
You kill the gnoll!
The gnoll closely misses you. The gnoll barely misses you.
The gnoll hits you with a +2 flail of venom.
* * * LOW HITPOINT WARNING * * *
You are lethally poisoned!
The gnoll closely misses you.
You hit the gnoll. You drain the gnoll.
You kill the gnoll!
You hit the gnoll.
You feel very sick.
The gnoll hits you with a +2 flail of venom.
* * * LOW HITPOINT WARNING * * *
You are lethally poisoned!
Your Armour skill increases to level 2!
Unknown command.
It was a potion of heal wounds.
You feel much better.
You feel very sick. The gnoll closely misses you.
You closely miss the gnoll.
The gnoll is severely wounded.
* * * LOW HITPOINT WARNING * * *
You feel very sick. The gnoll barely misses you.
You barely miss the gnoll.
The gnoll is severely wounded.
* * * LOW HITPOINT WARNING * * *
You feel very sick.
The gnoll hits you with a +2 flail of venom!
* * * LOW HITPOINT WARNING * * *
You are more poisoned.
The gnoll hits you with a +2 flail of venom.
You die...

*#.#**,*****,***************
#..,,** ##.########*********
#.#*** #.........#,,,,,,,,*
#.# ##.........#,******,* #.#
##...........,* *,* #.#
#...........#** *,* #.#
#...........# *,* #.#
#....g).....# *,, #.#
#....@).....# ***
#.######.#.........#
#........#........[#*********
###########.........,,,,,,,,,
##########*********


You could see a gnoll (very drained).

Vanquished Creatures
  A jelly (D:3)
  Robin (D:2)
  2 gnolls (D:6)
  An adder (D:3)
  A dart slug (D:1)
  4 bats
  8 endoplasms
  2 giant cockroaches (D:1)
  25 goblins
  9 hobgoblins
  A jackal (D:1)
  5 kobolds
  3 quokkas (D:1)
  5 ball pythons
  5 frilled lizards
  4 rats
77 creatures vanquished.

Notes
Turn   | Place    | Note
-------+----------+-------------------------------------------
     0 | D:1      | IdlyInterested the Demonspawn Gladiator began the quest for
                  | the Orb.
     0 | D:1      | Reached XP level 1. HP: 16/16 MP: 1/1
    55 | D:1      | Gained mutation: You have sharp fingernails. [demonic
                  | ancestry]
    55 | D:1      | Reached XP level 2. HP: 20/22 MP: 2/2
   125 | D:1      | Found Opiqehih's Book Boutique.
   142 | D:1      | Reached skill level 1 in Stealth
   195 | D:1      | Gained mutation: You regenerate magic rapidly. [demonic
                  | ancestry]
   195 | D:1      | Reached XP level 3. HP: 24/28 MP: 3/3
   660 | D:2      | Identified the +1 helmet "Jopibro" {Int+2}
   660 | D:2      | Noticed Robin
   817 | D:2      | Killed Robin
   818 | D:2      | Gained mutation: You have very sharp fingernails. [demonic
                  | ancestry]
   818 | D:2      | Reached XP level 4. HP: 11/35 MP: 4/4
   923 | D:2      | Found a faded altar of an unknown god.
   953 | D:2      | Got Plato's Folio of Corruption
  1443 | D:2      | Identified the +0 leather armour of Dramatic Exits {Harm
                  | +Inv Str+9 Slay-6}
  1744 | D:3      | Found an iron altar of Okawaru.
  1746 | D:3      | Found a shadowy altar of Dithmenos.
  1849 | D:3      | Reached skill level 1 in Armour
  2100 | D:3      | Gained mutation: You regenerate a little health from kills.
                  | [demonic ancestry]
  2100 | D:3      | Reached XP level 5. HP: 37/41 MP: 5/5
  2303 | D:3      | Found a snail-covered altar of Cheibriados.
  2313 | D:3      | Found an ancient bone altar of Kikubaaqudgha.
  2456 | D:3      | You fall into a shaft and drop 3 floors!
  2479 | D:6      | HP: 1/42 [gnoll/+2 flail of venom (7)]
  2479 | D:6      | Slain by a gnoll

Illustrated notes

Levels and vault maps discovered:
D:1:      elethiomel_arrival_quiet, layout_rooms, serial_shops, shop,
          minmay_pentomino_v4
D:2:      layout_basic, shapermc_ecumenical_altar_rom_forum, uniq_robin
D:3:      layout_basic, okawaru_gym_becter, mainiacjoe_overflow_big_doors,
          mainiacjoe_overflow_catwalk, grunt_ministairs_7
D:6:      layout_loops_ring, jmf_multi_god_temple, gup_sewer_entry_spiral,
          uniq_edmund

Skill      XL: |  1  2  3  4  5 |
---------------+----------------+-----
Axes           | 3 |  3.0
Throwing       | 2 |  2.0
Dodging        | 3 |  3.0
Stealth        | 1 2 |  2.0
Fighting       | 3 |  3.6
Armour         | 1 2 |  2.0

Action                   |  1- 3 |  4- 6 || total
-------------------------+-------+-------++-------
Melee: War axe           |   131 |    64 ||   195
       Punch             |     2 |     1 ||     3
  Use: Scroll            |       |     6 ||     6
       Potion            |       |     2 ||     2
 Stab: Sleeping          |       |     2 ||     2
Armor: Leather armour    |     6 |       ||     6
       Ring mail         |    85 |    21 ||   106
       Scale mail        |       |     6 ||     6
Dodge: Dodged            |   103 |    43 ||   146

Table legend: (Time is in decaauts)
 A = Elapsed time spent in this place.
 B = Non-inter-level travel time spent in this place.
 C = Inter-level travel time spent in this place.
 D = Time resting spent in this place.
 E = Time spent auto-exploring this place.
 F = Levels seen in this place.
 G = Mean time per level.
                   A        B        C        D        E       F      G
               +--------+--------+--------+--------+--------+-----+--------+
         Total |   2552 |   2357 |    195 |    180 |   1370 |   4 |  638.0 |
       Dungeon |   2552 |   2357 |    195 |    180 |   1370 |   4 |  638.0 |
               +--------+--------+--------+--------+--------+-----+--------+

Top non-repeatable levels by time:
     D:2: 1033 daAuts
     D:1: 809 daAuts
     D:3: 685 daAuts
     D:6: 24 daAuts
